 Dungeon Crawl Stone Soup version 0.32-a0-834-geaf45d8e21 (webtiles) character file.

Game seed: 15403670205497161070

1 holysushi the Ducker (level 1, 16/16 HPs)
             Began as an Octopode Monk on Mar 22, 2024.
             Quit the game on level 1 of the Dungeon on Mar 25, 2024.
             The game lasted 00:00:51 (77 turns).

holysushi the Ducker (Octopode Monk)                  Turns: 77, Time: 00:00:51

Health: 16/16      AC:  1    Str: 10    XL:     1   Next: 20%
Magic:  1/1        EV: 13    Int: 12    God:
Gold:   0          SH:  0    Dex: 14    Spells: 0/0 levels left

rFire   . . .        a - +0 short sword
rCold   . . .        c - orb {light}
rNeg    . . .        (helmet restricted)
rPois   .            (no amulet)
rElec   .            (no ring)
rCorr   .            (no ring)
SInv    .            (no ring)
Will    .....        (no ring)
Stlth   +            (no ring)
HPRegen 0.22/turn    (no ring)
MPRegen 0.07/turn    (no ring)
                     (no ring)

%: no passive effects
@: glowing
A: almost no armour, amphibious, 8 rings, camouflage 1, gelatinous body 1,
(nimble swimmer 1), tentacles
a: no special abilities


You were on level 1 of the Dungeon.
You visited 1 branch of the dungeon, and saw 1 of its levels.

Inventory:

Hand Weapons
 a - a +0 short sword (weapon)
Armour
 c - an orb of light (worn)
Potions
 b - a potion of ambrosia


   Skills:
 - Level 3.0 Fighting
 + Level 3.0 Short Blades
 - Level 3.0 Dodging


You couldn't memorise any spells.
You didn't know any spells.
Your spell library was empty.

Dungeon Overview and Level Annotations

Branches:
Dungeon (1/15) Zot: 5923

Altars:


Innate Abilities, Weirdness & Mutations

You cannot wear most types of armour.
You are amphibious.
You can wear up to eight rings at the same time.
Your skin changes colour to match your surroundings (Stealth+).
Your rubbery body absorbs attacks. (AC +1, EV +1)
((You are camouflaged when in or above water. (Stealth+)))
You have tentacles for arms and can constrict up to eight enemies at once.


Message History

Welcome, holysushi the Octopode Monk.
Are you destined to find the magnificent Orb of Zot, or to die trying?
Press ? for a list of commands and other information.
Found a staircase leading out of the dungeon.
Found 3 stones.
Found a robe.
An endoplasm comes into view.
The endoplasm quivers.
The endoplasm freezes you.
You are frozen.
You hit the endoplasm but do no damage. You hit the endoplasm.
The endoplasm is heavily wounded.
The endoplasm freezes you.
You are frozen.
You hit the endoplasm but do no damage. You squeeze the endoplasm.
You kill the endoplasm!
You start resting.
HP restored.
Welcome back, holysushi the Octopode Monk.
Press ? for a list of commands and other information.
Are you sure you want to abandon this character and quit the game? (Confirm with "yes".)

# #### .. .# .#...#
......######....#
....##..........#
...#............#
..#........@....#
#..............#
.#.(............#
#...............#####
#.......#.......[....
#........#......####
#......#.#......#
#......#..#.....#
#.....#.<.#.....#


There were no monsters in sight!

Vanquished Creatures
  An endoplasm (D:1)
1 creature vanquished.

Notes
Turn   | Place    | Note
-------+----------+-------------------------------------------
     0 | D:1      | holysushi the Octopode Monk began the quest for the Orb.
     0 | D:1      | Reached XP level 1. HP: 16/16 MP: 1/1
    77 | D:1      | Upgraded the game from 0.32-a0-814-g0968bab981 to
                  | 0.32-a0-834-geaf45d8e21
    77 | D:1      | Quit the game

Illustrated notes

Levels and vault maps discovered:
D:1:      dpeg_arrival_solitude, layout_loops_ring

Action                     || total
---------------------------++-------
  Melee: Short sword       ||     3
         Tentacles         ||     1

Table legend: (Time is in decaauts)
 A = Elapsed time spent in this place.
 B = Non-inter-level travel time spent in this place.
 C = Inter-level travel time spent in this place.
 D = Time resting spent in this place.
 E = Time spent auto-exploring this place.
 F = Levels seen in this place.
 G = Mean time per level.
                   A        B        C        D        E       F      G
               +--------+--------+--------+--------+--------+-----+--------+
         Total |     76 |     76 |      0 |     27 |      0 |   1 |   76.0 |
       Dungeon |     76 |     76 |      0 |     27 |      0 |   1 |   76.0 |
               +--------+--------+--------+--------+--------+-----+--------+

Top non-repeatable levels by time:
     D:1: 76 daAuts
